 Dungeon Crawl Stone Soup version 0.24-a0-549-g45f0056d81 (webtiles) character file.

Game seed: 15595508794182755415

478 DasRunzen the Covered (level 6, 0/56 HPs)
             Began as a Minotaur Fighter on Aug 20, 2019.
             Slain by an orc (3 damage)
             ... on level 5 of the Dungeon.
             The game lasted 00:06:47 (3052 turns).

DasRunzen the Covered (Minotaur Fighter)            Turns: 3052, Time: 00:06:48

Health: 0/56       AC:  7    Str: 26    XL:     6   Next: 85%
Magic:  5/5        EV:  6    Int:  5    God:
Gold:   279        SH: 16    Dex: 11    Spells: 5/5 levels left

rFire    . . .     SeeInvis .   a - +1 war axe
rCold    . . .     Gourm    .   g - +0 large shield
rNeg     . . .     Faith    .   b - +0 scale mail
rPois    .         Spirit   .   (helmet restricted)
rElec    .         Reflect  .   (no cloak)
rCorr    .         Harm     .   (no gloves)
MR       .....                  (no boots)
Stlth    ..........             (no amulet)
HPRegen  0.18/turn              (no ring)
MPRegen  0.09/turn              (no ring)

@: mighty, lethally poisoned (0 -> -2)
A: retaliatory headbutt, horns 2
a: no special abilities


You were on level 5 of the Dungeon.
You were not hungry.

You visited 1 branch of the dungeon, and saw 5 of its levels.

You collected 279 gold pieces.

Inventory:

Hand Weapons
 a - a +1 war axe (weapon)
Armour
 b - a +0 scale mail (worn)
 g - a +0 large shield (worn)
Wands
 k - a wand of flame (26)
 l - a wand of random effects (26)
 q - a wand of paralysis (11)
Scrolls
 j - 2 scrolls of teleportation
Potions
 c - 2 potions of brilliance
 e - 2 potions of curing
 i - 3 potions of flight
 m - a potion of lignification
 n - 2 potions of haste
 o - a potion of agility {unknown}
 p - a potion of heal wounds {unknown}
Comestibles
 f - 6 rations
 h - 2 chunks of flesh


   Skills:
 + Level 5.6 Fighting
 + Level 4.9 Axes
 + Level 5.6 Armour
 + Level 5.6 Shields


You had 5 spell levels left.
You didn't know any spells.
Your spell library was empty.

Dungeon Overview and Level Annotations

Branches:
Dungeon (5/15)
 Temple: D:4-7

Altars:
Elyvilon
Sif Muna

Annotations:
D:5 Prince Ribbit


Innate Abilities, Weirdness & Mutations

You reflexively headbutt those who attack you in melee.
You have a pair of horns on your head.


Message History

The orc hits you but does no damage. You block the adder's attack.
Prince Ribbit hits you but does no damage.
The orc barely misses you.
You slice Prince Ribbit!!
Prince Ribbit is almost dead.
You slash the adder!
You kill the adder!
You hit the orc.
You feel sick. You block Prince Ribbit's attack. You block the orc's attack. x2
Prince Ribbit casts a spell.
Prince Ribbit looks slightly unstable.
The orc hits you but does no damage.
You closely miss Prince Ribbit.
Prince Ribbit is almost dead.
You hit the orc. You slash the orc!
You kill the orc!
You feel sick. Prince Ribbit hits you. You block the orc's attack.
Prince Ribbit hits you!
* * * LOW HITPOINT WARNING * * *
You block the orc's attack. The orc hits you.
You die...

.. .# #.#.#
....# # #...##
. #.n.. #oo.#
#.#####oFo#
#.......@.####
#.
######......#
##
###.#)##.#.#
#...#.##.#.#
#.^#..##.#.#
#.###.##.#.#
#.# ##†#.#.#
.!# ##(.#.# ##
###
##.#.#.######
##.


You could see Prince Ribbit, a necrophage and 4 orcs.

Vanquished Creatures
  4 hounds
  A centaur skeleton (D:4)
  A gnoll shaman (D:2)
  An orc priest (D:5)
  3 worker ants
  5 gnolls (D:2)
  5 adders
  An ooze (D:1)
  An adder skeleton (D:4)
  A worm (D:2)
  2 dart slugs
  5 leopard geckos
  3 orcs (D:5)
  10 bats
  5 giant cockroaches
  8 goblins
  10 hobgoblins
  7 jackals
  2 quokkas (D:2)
  A ball python (D:3)
  5 frilled lizards
  7 kobolds
  6 rats
94 creatures vanquished.

Notes
Turn   | Place    | Note
-------+----------+-------------------------------------------
     0 | D:1      | DasRunzen the Minotaur Fighter began the quest for the Orb.
     0 | D:1      | Reached XP level 1. HP: 19/19 MP: 0/0
   154 | D:1      | Reached XP level 2. HP: 19/27 MP: 1/1
   370 | D:1      | Reached XP level 3. HP: 32/33 MP: 2/2
  1102 | D:2      | Reached XP level 4. HP: 41/41 MP: 3/3
  1127 | D:2      | Reached XP level 5. HP: 27/47 MP: 4/4
  1420 | D:3      | You fall into a shaft and drop 1 floor!
  1703 | D:3      | Found a white marble altar of Elyvilon.
  1703 | D:3      | Found a shimmering blue altar of Sif Muna.
  2352 | D:4      | Reached skill level 5 in Fighting
  2352 | D:4      | Reached skill level 5 in Armour
  2352 | D:4      | Reached skill level 5 in Shields
  2470 | D:4      | Reached XP level 6. HP: 48/56 MP: 5/5
  2888 | D:5      | Entered Level 5 of the Dungeon
  3039 | D:5      | Noticed Prince Ribbit
  3052 | D:5      | Slain by an orc

Levels and vault maps discovered:
D:1:      minmay_arrival_widening_spiral_wide, layout_rooms
D:2:      layout_basic, st_stairs_7, grunt_ministairs_9, minmay_tall_x
D:3:      layout_basic, gammafunk_temple_overflow_pools
D:4:      layout_loops_ring, first_ration
D:5:      layout_loops_ring, lemuel_round_altar, serial_shops, shop,
          minmay_ruined_shrine, uniq_prince_ribbit1

Skill      XL: |  1  2  3  4  5 |
---------------+----------------+-----
Armour         | 4 5 |  5.6
Shields        | 4 5 |  5.6
Fighting       | 4 5 |  5.6
Axes           | 3 4 |  4.9

Action                   |  1- 3 |  4- 6 || total
-------------------------+-------+-------++-------
Melee: War axe           |    96 |   148 ||   244
       Headbutt          |     9 |    25 ||    34
  Use: Scroll            |     6 |     6 ||    12
       Potion            |       |     1 ||     1
  Eat: Chunk             |     1 |     6 ||     7
Armor: Scale mail        |    31 |    55 ||    86
Dodge: Dodged            |    11 |    26 ||    37
Block: Large shield      |    77 |   148 ||   225

Table legend:
 A = Non-vault XP
 B = Vault XP
 C = Vault XP percentage of total XP
 D = Non-vault monster count
 E = Vault monster count
 F = Vault count percentage of total count
                 A         B        C        D         E       F
            +---------+---------+-------+---------+---------+-------
      Total |     669 |      14 |   2.0 |      87 |       7 |   7.4
            +---------+---------+-------+---------+---------+-------
        D:1 |      46 |       0 |   0.0 |      23 |       0 |   0.0
        D:2 |     145 |      14 |   8.8 |      17 |       7 |  29.2
        D:3 |      62 |       0 |   0.0 |      27 |       0 |   0.0
        D:4 |     191 |       0 |   0.0 |      10 |       0 |   0.0
        D:5 |     225 |       0 |   0.0 |      10 |       0 |   0.0
            +---------+---------+-------+---------+---------+-------
